 Dungeon Crawl Stone Soup version 0.31-a0-1071-gaead2f62b1 (webtiles) character file.

Game seed: 1473278857062974668

1897 wildpjah the Ducker (level 9, -11/54 HPs)
             Began as a Tengu Gladiator on Nov 26, 2023.
             Was a Follower of Okawaru.
             Killed from afar by a steam dragon (17 damage)
             ... with a ball of steam
             ... on level 6 of the Dungeon.
             The game lasted 00:11:16 (5917 turns).

wildpjah the Ducker (Tengu Gladiator)               Turns: 5917, Time: 00:11:18

Health: -11/54     AC:  4    Str: 15    XL:     9   Next: 15%
Magic:  0/10       EV: 21    Int:  8    God:    Okawaru [*.....]
Gold:   44         SH:  0    Dex: 25    Spells: 8/8 levels left

rFire   . . .        F - +1 great sword (flame)
rCold   . . .        (shield currently unavailable)
rNeg    . . .        y - +0 leather armour of Huse {Dex+5}
rPois   .            c - +0 hat
rElec   .            D - +0 cloak
rCorr   .            (no gloves)
SInv    .            (boots unavailable)
Will    .....        j - amulet of guardian spirit
Stlth   +++          (no ring)
HPRegen 0.29/turn    (no ring)
MPRegen 0.12/turn

%: acrobat, guardian spirit
@: flying
A: beak, talons 3, evasive flight, acrobatic
a: Renounce Religion, Heroism


You were on level 6 of the Dungeon.
You worshipped Okawaru.
Okawaru was aware of your devotion.
You visited 2 branches of the dungeon, and saw 7 of its levels.

You collected 319 gold pieces.
You spent 275 gold pieces at shops.

Inventory:

Hand Weapons
 a - a +0 long sword
 g - a +2 short sword of draining
 l - a +2 short sword of speed
 s - a +2 dagger of holy wrath
 E - a +3 scimitar
 F - a +1 great sword of flaming (weapon)
Missiles
 d - 5 throwing nets
 e - a javelin (quivered)
 v - 2 curare-tipped darts
Armour
 c - a +0 hat (worn)
 y - the +0 leather armour of Huse (worn) {Dex+5}
   (You found it on level 4 of the Dungeon)

   Dex+5:     It affects your dexterity (+5).
 D - a +0 cloak (worn)
Jewellery
 j - an amulet of guardian spirit (around neck)
 u - a +6 ring of strength
 H - a +6 ring of intelligence
Wands
 b - a wand of roots (11)
 x - a wand of paralysis (9)
 B - a wand of polymorph (5)
Scrolls
 h - 2 scrolls of noise {unknown}
 i - 4 scrolls of teleportation {unknown}
 p - 4 scrolls of identify {unknown}
 q - 2 scrolls of amnesia {unknown}
Potions
 f - 2 potions of mutation {unknown}
 k - 2 potions of attraction {unknown}
 m - a potion of brilliance {unknown}
 n - a potion of heal wounds {unknown}
 o - a potion of ambrosia {unknown}
 r - 4 potions of curing {unknown}
 t - a potion of degeneration {unknown}
 w - a potion of enlightenment {unknown}
 z - 2 potions of might {unknown}
 A - a potion of resistance {unknown}
 C - a potion of lignification {unknown}
 G - a potion of cancellation {unknown}


   Skills:
 + Level 5.0 Fighting
 + Level 5.8(6.7) Short Blades
 + Level 5.2(6.4) Long Blades
 + Level 2.2 Throwing
 + Level 4.2 Armour
 + Level 6.4 Dodging
 + Level 5.2 Stealth


You had 8 spell levels left.
You didn't know any spells.
Your spell library contained the following spells:

 Spells                   Type           Power      Damage    Failure   Level
 Sublimation of Blood     Necr           0%         N/A       63%         2
 Confusing Touch          Hex            0%         N/A       85%         3
 Dazzling Flash           Conj/Hex       0%         N/A       85%         3
 Cause Fear               Hex            0%         N/A       99%         4
 Dimensional Bullseye     Hex/Tloc       0%         N/A       99%         4
 Manifold Assault         Tloc           0%         N/A       99%         4
 Petrify                  Tmut/Erth      0%         N/A       99%         4
 Agony                    Necr           0%         N/A       100%        5
 Irradiate                Conj/Tmut      0%         3d11      100%        5
 Silence                  Hex/Air        0%         N/A       100%        5
 Dispersal                Tloc           0%         N/A       100%        6
 Disjunction              Tloc           0%         N/A       100%        8


Dungeon Overview and Level Annotations

Branches:
Dungeon (6/15)             Temple (1/1) D:6

Altars:
Ashenzari
Elyvilon
Fedhas
Gozag
Kikubaaqudgha
Makhleb
Nemelex Xobeh
Okawaru
Qazlal
Ru
Trog
Uskayaw
Wu Jian
Xom
Yredelemnul
Zin

Shops:
D:3 (


Innate Abilities, Weirdness & Mutations

You have a beak for a mouth.
You have claws for feet.
Your magical flight helps you evade attacks. (EV +4)
You can magically evade attacks while moving or waiting.


Message History

Found a book of Displacement.
The steam dragon hisses angrily.
The steam dragon completely misses you. The steam dragon claws you.
You closely miss the steam dragon. You claw the steam dragon.
The steam dragon is lightly wounded.
The steam dragon barely misses you. The steam dragon misses you.
You hit the steam dragon but do no damage.
Your peck misses the steam dragon. The steam dragon breathes steam at you.
The ball of steam hits you! The steam dragon barely misses you. x2
You hit the steam dragon. You burn the steam dragon.
You claw the steam dragon, but do no damage.
The steam dragon is lightly wounded.
You are engulfed in a cloud of scalding steam.
The steam dragon closely misses you. The steam dragon barely misses you.
You barely miss the steam dragon.
You peck the steam dragon, but do no damage.
The steam dragon is lightly wounded.
You are engulfed in a cloud of scalding steam.
The steam dragon breathes steam at you. The ball of steam hits you!!
* * * LOW HITPOINT WARNING * * *
The steam dragon bites you.
* * * LOW HITPOINT WARNING * * *
The steam dragon barely misses you.
The steam dragon completely misses you. x2
You closely miss the steam dragon. You claw the steam dragon.
The steam dragon is moderately wounded.
The steam dragon misses you. The steam dragon completely misses you.
You barely miss the steam dragon. You claw the steam dragon.
The steam dragon is moderately wounded.
The steam dragon completely misses you. The steam dragon claws you.
* * * LOW HITPOINT WARNING * * *
You slash the steam dragon! You burn the steam dragon.
You claw the steam dragon.
You peck the steam dragon, but do no damage.
The steam dragon is severely wounded.
The steam dragon breathes steam at you. The ball of steam hits you!!
You die...

.# ######.###..:
#...................
#...................
#.(.................
#...................
#...................
#..@................
#..D................
######..............
#..##..........
#..##..........
#>.##.....(....
#..##..........
###.............
#...............


You could see a steam dragon (catching breath).

Vanquished Creatures
  The ghost of tinescath the Magician, a novice DEHW (D:6)
  A steam dragon (D:6)
  Duvessa (D:4)
  2 ogres (D:5)
  A centaur (D:5)
  A phantom (D:5)
  A scorpion (D:5)
  Dowan (D:4)
  3 wights (D:6)
  3 vampire bats (D:4)
  Crazy Yiuf (D:5)
  2 hounds
  A jelly (D:6)
  2 orc priests (D:5)
  4 iguanas
  A sleepcap (D:3)
  Natasha (thrice) (D:2)
  3 orc wizards
  10 gnolls
  4 adders
  3 white imps
  3 worms (D:4)
  4 dart slugs
  19 orcs
  3 bats (D:1)
  5 bat skeletons (D:4)
  2 bat zombies (D:4)
  3 endoplasms
  2 giant cockroaches (D:4)
  6 goblins
  9 hobgoblins
  5 jackals (D:1)
  5 quokkas
  8 ball pythons
  6 frilled lizards (D:1)
  A giant cockroach zombie (D:3)
  5 kobolds
  A quokka zombie (D:3)
  4 rats (D:1)
140 creatures vanquished.

Vanquished Creatures (others)
  2 orcs (D:6)
2 creatures vanquished.

Grand Total: 142 creatures vanquished

Notes
Turn   | Place    | Note
-------+----------+-------------------------------------------
     0 | D:1      | wildpjah the Tengu Gladiator began the quest for the Orb.
     0 | D:1      | Reached XP level 1. HP: 12/12 MP: 2/2
   131 | D:1      | Reached XP level 2. HP: 7/16 MP: 3/3
   358 | D:1      | Reached XP level 3. HP: 20/21 MP: 2/4
   823 | D:2      | Noticed Natasha
   830 | D:2      | Killed Natasha
   831 | D:2      | Reached skill level 1 in Armour
   831 | D:2      | Reached XP level 4. HP: 27/27 MP: 5/5
   867 | D:2      | Found a faded altar of an unknown god.
  1102 | D:2      | Noticed Natasha
  1113 | D:2      | Killed Natasha
  1114 | D:2      | Reached skill level 4 in Dodging
  1282 | D:2      | Noticed Natasha
  1297 | D:2      | Killed Natasha
  1298 | D:2      | Reached skill level 1 in Short Blades
  1298 | D:2      | Reached XP level 5. HP: 29/31 MP: 4/6
  1455 | D:3      | Found Leimoo's Antique Weapon Shop.
  1466 | D:3      | Reached skill level 1 in Stealth
  1555 | D:3      | Found a shimmering altar of Xom.
  1970 | D:3      | Found a basalt altar of Yredelemnul.
  2077 | D:3      | Reached XP level 6. HP: 14/37 MP: 3/7
  2837 | D:4      | Got Duofang's Volume of Misfortune
  2845 | D:4      | Found an ancient bone altar of Kikubaaqudgha.
  2898 | D:4      | Gained mutation: Your magical flight helps you evade
                  | attacks. (EV +4) [Tengu growth]
  2898 | D:4      | Reached XP level 7. HP: 37/41 MP: 6/8
  3157 | D:4      | Noticed Dowan
  3158 | D:4      | Noticed Duvessa
  3175 | D:4      | Killed Duvessa
  3186 | D:4      | Killed Dowan
  3195 | D:4      | Found a hide-covered altar of Uskayaw.
  3561 | D:4      | Found a sparkling altar of Nemelex Xobeh.
  3774 | D:4      | Identified the +0 leather armour of Huse {Dex+5}
  3817 | D:4      | Found a stormy altar of Qazlal.
  3826 | D:4      | Found a sacrificial altar of Ru.
  3843 | D:5      | Entered Level 5 of the Dungeon
  3886 | D:5      | Found a runed translucent door.
  3887 | D:5      | Noticed Crazy Yiuf
  3919 | D:5      | Reached skill level 5 in Dodging
  4182 | D:5      | Reached XP level 8. HP: 30/48 MP: 4/9
  4253 | D:5      | Found an iron altar of Okawaru.
  4261 | D:5      | Became a worshipper of Warmaster Okawaru
  4345 | D:5      | Reached skill level 5 in Short Blades
  4820 | D:5      | Killed Crazy Yiuf
  4820 | D:5      | Reached * piety under Okawaru
  4994 | D:6      | Found an opulent altar of Gozag.
  5015 | D:6      | Reached skill level 6 in Dodging
  5155 | D:3      | Bought a runed great sword for 275 gold pieces
  5289 | D:6      | Found a staircase to the Ecumenical Temple.
  5305 | Temple   | Entered the Ecumenical Temple
  5412 | D:6      | Reached skill level 5 in Stealth
  5572 | D:6      | Reached XP level 9. HP: 50/53 MP: 10/10
  5752 | D:6      | Found a runed translucent door.
  5752 | D:6      | Noticed tinescath's ghost (novice DEHW)
  5766 | D:6      | Killed tinescath's ghost
  5767 | D:6      | Reached skill level 5 in Fighting
  5767 | D:6      | Reached skill level 5 in Long Blades
  5917 | D:6      | Killed from afar by a steam dragon

Illustrated notes

Levels and vault maps discovered:
D:1:      heliophobic_arrival_dark_side_of_the_moon, layout_basic,
          minmay_cut_off
D:2:      layout_basic, ebering_ecumenical_altar_hall, uniq_natasha
D:3:      layout_loops_corners, mainiacjoe_overflow_surrounded_room,
          lemuel_zombie_altar_yredelemnul, serial_shops, nicolae_lakefront_shop,
          serial_bayou_pond_e, grunt_decor_arrowhead, st_stairs_6,
          corexii_leaking_fountain
D:4:      layout_cave_pools, kennysheep_vampire_church, lemuel_doored_altar,
          nicolae_uskayaw_murder_on_the_dancefloor, mainiacjoe_overflow_swirl,
          grunt_ministairs_14, minmay_misc_feat_encased,
          roderic_nine_men_s_morris, chequers_serial_rivers_small_a,
          uniq_duvessa
D:5:      layout_basic, okawaru_trees_1, uniq_crazy_yiuf_cottage
D:6:      layout_basic, mainiacjoe_overflow_catwalk, temple_fountains,
          gammafunk_ghost_grave
Temple:   nicolae_temple_little_seven

Skill      XL: |  1  2  3  4  5  6  7  8  9 |
---------------+----------------------------+-----
Long Blades    | 4 5 |  5.2
Armour         | 1 2 3 4 |  4.2
Dodging        | 4 5 6 |  6.4
Short Blades   | 1 2 3 4 5 |  5.8
Stealth        | 1 2 3 5 |  5.2
Fighting       | 3 4 5 |  5.0
Throwing       | |  2.2

Action                     |  1- 3 |  4- 6 |  7- 9 || total
---------------------------+-------+-------+-------++-------
  Melee: Long sword        |    65 |       |       ||    65
         Kick              |    14 |    34 |    48 ||    96
         Peck              |    10 |    31 |    33 ||    74
         Short sword       |    18 |   147 |   147 ||   312
         Punch             |       |       |     1 ||     1
         Great sword       |       |       |    30 ||    30
  Throw: Javelin           |       |       |     1 ||     1
   Stab: Sleeping          |     1 |     9 |     9 ||    19
         Distracted        |       |       |     1 ||     1
 Armour: Leather armour    |    30 |    73 |    58 ||   161
         Skin              |       |       |     5 ||     5
  Dodge: Dodged            |    56 |    87 |   143 ||   286

Table legend: (Time is in decaauts)
 A = Elapsed time spent in this place.
 B = Non-inter-level travel time spent in this place.
 C = Inter-level travel time spent in this place.
 D = Time resting spent in this place.
 E = Time spent auto-exploring this place.
 F = Levels seen in this place.
 G = Mean time per level.
                   A        B        C        D        E       F      G
               +--------+--------+--------+--------+--------+-----+--------+
         Total |   5870 |   5482 |    388 |     34 |   4481 |   7 |  838.6 |
       Dungeon |   5840 |   5452 |    388 |     34 |   4453 |   6 |  973.3 |
        Temple |     29 |     29 |      0 |      0 |     28 |   1 |   29.0 |
               +--------+--------+--------+--------+--------+-----+--------+

Top non-repeatable levels by time:
     D:3: 1503 daAuts
     D:5: 1022 daAuts
     D:4: 1020 daAuts
     D:6: 924 daAuts
     D:1: 726 daAuts
     D:2: 643 daAuts
  Temple: 29 daAuts
